 Dungeon Crawl Stone Soup version 0.31-a0-426-g3a05650e59 (webtiles) character file.

Game seed: 1938631382873591362

1311 quinnr the Zephyrmancer (level 8, -11/45 HPs)
             Began as a Tengu Air Elementalist on July 30, 2023.
             Killed by nerve-wracking pain
             ... invoked by Menkaure
              (14 damage)
             ... on level 4 of the Dungeon.
             The game lasted 00:11:39 (6025 turns).

quinnr the Zephyrmancer (Tengu Air Elementalist)    Turns: 6025, Time: 00:11:40

Health: -11/45     AC:  4    Str:  9    XL:     8   Next: 58%
Magic:  1/13       EV: 19    Int: 18    God:
Gold:   401        SH:  0    Dex: 14    Spells: 2/13 levels left

rFire   . . .        e - +4 dagger
rCold   + . .        (no shield)
rNeg    . . .        a - +0 robe
rPois   .            (helmet restricted)
rElec   .            n - +0 cloak
rCorr   .            r - +0 pair of gloves
SInv    .            (boots unavailable)
Will    .....        (no amulet)
Stlth   ++           E - +5 ring of evasion
HPRegen 0.27/turn    c - ring of protection from cold
MPRegen 0.13/turn

%: no passive effects
@: flying quickly and evasively, quick
A: beak, talons 3, nimble flight
a: no special abilities


You were on level 4 of the Dungeon.
You visited 1 branch of the dungeon, and saw 5 of its levels.

You collected 401 gold pieces.


Innate Abilities, Weirdness & Mutations

You have a beak for a mouth.
You have claws for feet.
Your magical nature lets you fly swiftly and evasively.


   Skills:
 - Level 2.5 Fighting
 - Level 2.1 Dodging
 - Level 3.0 Stealth
 - Level 3.0 Spellcasting
 - Level 1.3 Conjurations
 - Level 9.0 Air Magic
 + Level 6.7 Poison Magic


You had 2 spell levels left.
You knew the following spells:

 Your Spells              Type           Power      Damage    Failure   Level
a - Airstrike             Air            17%        2d(3-19)  4%          4
o - Olgreb's Toxic Radia  Pois           26%        N/A       11%         4
p - Poisonous Vapours     Pois/Air       62%        N/A       1%          2
z - Shock                 Conj/Air       84%        1d8       1%          1

Your spell library contained the following spells:

 Spells                   Type           Power      Damage    Failure   Level
 Static Discharge         Conj/Air       42%        2-4/arc   3%          2
 Sting                    Tmut/Pois      56%        1d5       4%          1
 Freeze                   Ice            8%         1d3       16%         1
 Swiftness                Air            35%        N/A       1%          3
 Hailstorm                Conj/Ice       5%         3d4       36%         3
 Frozen Ramparts          Ice            4%         1d1       43%         3
 Portal Projectile        Hex/Tloc       4%         N/A       43%         3
 Tukima's Dance           Hex            2%         N/A       43%         3
 Iskenderun's Mystic Bla  Conj/Tloc      5%         2d3       77%         4

Inventory:

Hand Weapons
 e - a +4 dagger (weapon)
Armour
 a - a +0 robe (worn)
 n - a +0 cloak (worn)
 r - a +0 pair of gloves (worn)
Jewellery
 c - a ring of protection from cold (right hand)
 C - a ring of ice
 E - a +5 ring of evasion (left hand)
 L - a ring of flight
 T - a +4 ring of protection
Scrolls
 d - 3 scrolls of enchant weapon {unknown}
 g - 2 scrolls of revelation {unknown}
 h - a scroll of identify {unknown}
 j - a scroll of poison {unknown}
 k - 4 scrolls of teleportation {@r2}
 m - 2 scrolls of enchant armour {unknown}
 t - a scroll of torment {unknown}
Potions
 b - 2 potions of magic
 f - a potion of might {unknown}
 i - 2 potions of enlightenment {unknown}
 l - a potion of mutation {unknown}
 o - a potion of resistance {unknown}
 p - a potion of heal wounds {unknown}
 q - a potion of brilliance {unknown}
 s - a potion of ambrosia {unknown}

Dungeon Overview and Level Annotations

Branches:
Dungeon (5/15)
 Temple: D:4-7

Altars:
Okawaru

Annotations:
D:3 2 transporters
D:4 Menkaure

#.))).)..M.<# ########
#.###########
.......###########.#.........###
######.##......................#
#.....##...............)....#.#
#......'....................#.#
##.....##....................#g#
.......##..M.)...............#.#
▒.....M#########@............#)#
▒.......................>#####.#
▒###.#........##...###.....g...#
.###.#..#####.##...#####.#######
...#....# #.##...#.....#
...####.# #.##...#.....# ...#
#.#####.##.###.....#
#######.......##.........#
.........###..######.....#


You could see Menkaure (fast).


Message History

The jackal closely misses you. The jackal completely misses you.
Casting: Poisonous Vapours (safe; 1% risk of failure)
Confirm with . or Enter, or press ? or * to list all spells.
Aiming: Poisonous Vapours (safe; 1% risk of failure)
Press: ? - help, Dir - move target, f - jackal
Aim: a jackal (moderately wounded) Poisonous vapours surround the jackal!
The jackal is poisoned.
The jackal misses you.
Unknown command.
The jackal closely misses you.
You kill the jackal!
There is an open door here.
Casting: Poisonous Vapours (safe; 1% risk of failure)
Confirm with . or Enter, or press ? or * to list all spells.
Aiming: Poisonous Vapours (safe; 1% risk of failure)
Press: ? - help, Dir - move target, f - ogre
Aim: an ogre, wielding a +0 giant club (almost dead) Poisonous vapours surround the ogre!
The ogre is poisoned.
Menkaure casts a spell at you. Pain shoots through your body!
* * * LOW HITPOINT WARNING * * *
Menkaure calls on the powers of darkness!
The ogre convulses!
You feel a surge of unholy energy.
You kill the ogre!
Training target 9.0 for Air Magic reached!
Your Air Magic skill increases to level 9!
Menkaure gestures at you while chanting.
Pain shoots through your body!
You die...

Skill      XL: |  1  2  3  4  5  6  7  8 |
---------------+-------------------------+-----
Fighting       | 1 2 |  2.5
Stealth        | 3 |  3.0
Air Magic      | 5 6 8 9 |  9.0
Spellcasting   | 3 |  3.0
Poison Magic   | 2 4 6 |  6.7
Dodging        | |  2.1
Conjurations   | |  1.3

Action                     |  1- 3 |  4- 6 |  7- 9 || total
---------------------------+-------+-------+-------++-------
  Melee: Dagger            |     8 |     4 |    14 ||    26
         Kick              |     1 |     1 |     5 ||     7
         Peck              |       |     1 |     3 ||     4
   Cast: Shock             |    79 |   127 |    58 ||   264
         Poisonous Vapours |       |    12 |    21 ||    33
         Airstrike         |       |       |     2 ||     2
    Use: Scroll            |       |     4 |       ||     4
 Armour: Robe              |     5 |     3 |    11 ||    19
  Dodge: Dodged            |    26 |    47 |    59 ||   132

Levels and vault maps discovered:
D:1:      dreamdust_arrival_beginning_and_end, layout_basic, minmay_pentomino_v2
D:2:      kb_forest_paths, layout_basic
D:3:      gammafunk_wand_slinger, layout_basic,
          hellmonk_ecumenical_altar_leap_of_faith, uniq_terence, uniq_sigmund
D:4:      layout_basic, kennysheep_mini, uniq_menkaure, uniq_pikel
D:5:      layout_cave_pods, gammafunk_ghost_grave, minmay_liquid_box,
          minmay_misc_feat_doors

Notes
Turn   | Place    | Note
-------+----------+-------------------------------------------
     0 | D:1      | quinnr the Tengu Air Elementalist began the quest for the
                  | Orb.
     0 | D:1      | Reached XP level 1. HP: 10/10 MP: 4/4
   238 | D:1      | Reached XP level 2. HP: 16/16 MP: 3/6
   675 | D:1      | Reached skill level 1 in Fighting
   712 | D:1      | Reached XP level 3. HP: 20/20 MP: 4/7
  1726 | D:2      | Reached skill level 3 in Stealth
  1726 | D:2      | Reached XP level 4. HP: 25/25 MP: 3/9
  2183 | D:2      | Reached skill level 5 in Air Magic
  2276 | D:2      | Reached skill level 3 in Spellcasting
  2751 | D:3      | Reached skill level 2 in Fighting
  2751 | D:3      | Gained mutation: Your magical nature lets you fly swiftly
                  | and evasively. [Tengu growth]
  2751 | D:3      | Reached XP level 5. HP: 27/31 MP: 1/10
  2829 | D:3      | Learned a level 2 spell: Poisonous Vapours
  2834 | D:3      | Learned a level 4 spell: Olgreb's Toxic Radiance
  2848 | D:3      | Noticed Terence
  2852 | D:3      | Noticed Sigmund
  2917 | D:3      | Found a transporter.
  2933 | D:3      | Found a transporter.
  2987 | D:4      | Reached skill level 1 in Poison Magic
  3110 | D:4      | Reached skill level 2 in Poison Magic
  3123 | D:4      | Reached XP level 6. HP: 32/36 MP: 1/11
  3154 | D:4      | Reached skill level 3 in Poison Magic
  3323 | D:4      | Noticed Menkaure
  3353 | D:4      | Noticed Pikel
  3549 | D:3      | Learned a level 4 spell: Airstrike
  3809 | D:3      | Found a faded altar of an unknown god.
  3986 | D:3      | Killed Terence
  4112 | D:3      | Killed Sigmund
  4113 | D:3      | Reached skill level 6 in Air Magic
  4113 | D:3      | Reached skill level 4 in Poison Magic
  4113 | D:3      | Reached XP level 7. HP: 35/40 MP: 0/12
  4654 | D:3      | HP: 4/40 [orc priest/divine providence (10)]
  4863 | D:4      | Reached skill level 5 in Poison Magic
  4967 | D:4      | Reached skill level 7 in Air Magic
  5169 | D:4      | Killed Pikel
  5170 | D:4      | Reached skill level 8 in Air Magic
  5170 | D:4      | Reached skill level 6 in Poison Magic
  5170 | D:4      | Reached XP level 8. HP: 18/45 MP: 0/13
  5598 | D:4      | Found an iron altar of Okawaru.
  5719 | D:5      | Entered Level 5 of the Dungeon
  6022 | D:4      | HP: 2/45 [Menkaure/nerve-wracking pain (13)]
  6025 | D:4      | Reached skill level 9 in Air Magic
  6025 | D:4      | Killed from afar by Menkaure

Vanquished Creatures
  Pikel (D:4)
  Sigmund (D:3)
  2 ogres (D:4)
  A phantom (D:4)
  A lemure (D:3)
  A scorpion (D:3)
  A gnoll bouda (D:4)
  2 hounds
  4 orc priests
  Terence (D:3)
  An iguana (D:4)
  An orc wizard (D:4)
  5 gnolls (D:4)
  7 adders
  A white imp (D:5)
  2 worms (D:2)
  A dart slug (D:2)
  4 orcs
  9 ball pythons
  4 bats
  6 endoplasms
  A giant cockroach (D:1)
  9 goblins
  11 hobgoblins
  5 jackals
  8 kobolds
  7 quokkas
  2 frilled lizards (D:1)
  5 rats
104 creatures vanquished.

Table legend: (Time is in decaauts)
 A = Elapsed time spent in this place.
 B = Non-inter-level travel time spent in this place.
 C = Inter-level travel time spent in this place.
 D = Time resting spent in this place.
 E = Time spent auto-exploring this place.
 F = Levels seen in this place.
 G = Mean time per level.
                   A        B        C        D        E       F      G
               +--------+--------+--------+--------+--------+-----+--------+
         Total |   5877 |   5710 |    167 |    522 |   4149 |   5 | 1175.4 |
       Dungeon |   5877 |   5710 |    167 |    522 |   4149 |   5 | 1175.4 |
               +--------+--------+--------+--------+--------+-----+--------+

Top non-repeatable levels by time:
     D:3: 1730 daAuts
     D:1: 1394 daAuts
     D:4: 1262 daAuts
     D:2: 1258 daAuts
     D:5: 231 daAuts

Table legend:
 A = Non-vault XP
 B = Vault XP
 C = Vault XP percentage of total XP
 D = Non-vault monster count
 E = Vault monster count
 F = Vault count percentage of total count
                 A         B        C        D         E       F
            +---------+---------+-------+---------+---------+-------
      Total |    1004 |     870 |  46.4 |      92 |      11 |  10.7
            +---------+---------+-------+---------+---------+-------
        D:1 |      44 |       4 |   8.3 |      27 |       2 |   6.9
        D:2 |      74 |      23 |  23.7 |      14 |       6 |  30.0
        D:3 |     254 |     250 |  49.6 |      23 |       2 |   8.0
        D:4 |     578 |     593 |  50.6 |      26 |       1 |   3.7
        D:5 |      54 |       0 |   0.0 |       2 |       0 |   0.0
            +---------+---------+-------+---------+---------+-------

Levels and vault maps discovered:
D:1:      dreamdust_arrival_beginning_and_end, layout_basic, minmay_pentomino_v2
D:2:      kb_forest_paths, layout_basic
D:3:      gammafunk_wand_slinger, layout_basic,
          hellmonk_ecumenical_altar_leap_of_faith, uniq_terence, uniq_sigmund
D:4:      layout_basic, kennysheep_mini, uniq_menkaure, uniq_pikel
D:5:      layout_cave_pods, gammafunk_ghost_grave, minmay_liquid_box,
          minmay_misc_feat_doors
